Workbook

Sheet Socios
A1: nombre | B1: telefono | C1: email | D1: saldo | E1: estatus | F1: plan | G1: mensualidad | H1: inscripcion | I1: inscripcion_pagada | J1: mes_de_alta | K1: meses_vencidos | L1: pagado | M1: ene | N1: feb | O1: mar | P1: abr | Q1: may | R1: jun | S1: jul | T1: ago | U1: sep | V1: oct | W1: nov | X1: dic
A2: Andrea Lozano | B2: +52 55 0000 0101 | C2: andrea@ejemplo.com | D2: =IF(A2="","",MAX(0,N(G2)*N(K2)-N(L2))+MAX(0,N(H2)-N(I2))) | E2: activo | F2: Mensual | G2: =IF(F2="","",IFERROR(VLOOKUP(F2,Planes!$A$2:$B$20,2,0),"")) | H2: 800 | I2: 800 | J2: 1 | K2: =IF(OR(A2="",J2=""),"",SUMPRODUCT((COLUMN(M2:X2)-12>=J2)*(COLUMN(M2:X2)-12<=Planes!$E$4)*(M2:X2<>"C"))) | L2: =IF(A2="","",SUM(M2:X2)) | M2: 650 | N2: 650 | O2: 650 | P2: 650 | Q2: 650 | R2: 650 | S2: 650 | T2: 650 | U2: 650
A3: Iván Rosales | B3: +52 55 0000 0102 | D3: =IF(A3="","",MAX(0,N(G3)*N(K3)-N(L3))+MAX(0,N(H3)-N(I3))) | E3: activo | F3: Estudiante | G3: =IF(F3="","",IFERROR(VLOOKUP(F3,Planes!$A$2:$B$20,2,0),"")) | H3: 800 | I3: 800 | J3: 3 | K3: =IF(OR(A3="",J3=""),"",SUMPRODUCT((COLUMN(M3:X3)-12>=J3)*(COLUMN(M3:X3)-12<=Planes!$E$4)*(M3:X3<>"C"))) | L3: =IF(A3="","",SUM(M3:X3)) | O3: 500 | P3: 500 | Q3: 500 | R3: C | S3: C | T3: 500 | U3: 500
A4: Paola y Luis Vera | B4: +52 55 0000 0103 | C4: paola@ejemplo.com | D4: =IF(A4="","",MAX(0,N(G4)*N(K4)-N(L4))+MAX(0,N(H4)-N(I4))) | E4: vencido | F4: Pareja | G4: =IF(F4="","",IFERROR(VLOOKUP(F4,Planes!$A$2:$B$20,2,0),"")) | H4: 800 | I4: 0 | J4: 8 | K4: =IF(OR(A4="",J4=""),"",SUMPRODUCT((COLUMN(M4:X4)-12>=J4)*(COLUMN(M4:X4)-12<=Planes!$E$4)*(M4:X4<>"C"))) | L4: =IF(A4="","",SUM(M4:X4)) | T4: 1100 | U4: 550
D5: =IF(A5="","",MAX(0,N(G5)*N(K5)-N(L5))+MAX(0,N(H5)-N(I5))) | G5: =IF(F5="","",IFERROR(VLOOKUP(F5,Planes!$A$2:$B$20,2,0),"")) | K5: =IF(OR(A5="",J5=""),"",SUMPRODUCT((COLUMN(M5:X5)-12>=J5)*(COLUMN(M5:X5)-12<=Planes!$E$4)*(M5:X5<>"C"))) | L5: =IF(A5="","",SUM(M5:X5))
D6: =IF(A6="","",MAX(0,N(G6)*N(K6)-N(L6))+MAX(0,N(H6)-N(I6))) | G6: =IF(F6="","",IFERROR(VLOOKUP(F6,Planes!$A$2:$B$20,2,0),"")) | K6: =IF(OR(A6="",J6=""),"",SUMPRODUCT((COLUMN(M6:X6)-12>=J6)*(COLUMN(M6:X6)-12<=Planes!$E$4)*(M6:X6<>"C"))) | L6: =IF(A6="","",SUM(M6:X6))
D7: =IF(A7="","",MAX(0,N(G7)*N(K7)-N(L7))+MAX(0,N(H7)-N(I7))) | G7: =IF(F7="","",IFERROR(VLOOKUP(F7,Planes!$A$2:$B$20,2,0),"")) | K7: =IF(OR(A7="",J7=""),"",SUMPRODUCT((COLUMN(M7:X7)-12>=J7)*(COLUMN(M7:X7)-12<=Planes!$E$4)*(M7:X7<>"C"))) | L7: =IF(A7="","",SUM(M7:X7))
D8: =IF(A8="","",MAX(0,N(G8)*N(K8)-N(L8))+MAX(0,N(H8)-N(I8))) | G8: =IF(F8="","",IFERROR(VLOOKUP(F8,Planes!$A$2:$B$20,2,0),"")) | K8: =IF(OR(A8="",J8=""),"",SUMPRODUCT((COLUMN(M8:X8)-12>=J8)*(COLUMN(M8:X8)-12<=Planes!$E$4)*(M8:X8<>"C"))) | L8: =IF(A8="","",SUM(M8:X8))
D9: =IF(A9="","",MAX(0,N(G9)*N(K9)-N(L9))+MAX(0,N(H9)-N(I9))) | G9: =IF(F9="","",IFERROR(VLOOKUP(F9,Planes!$A$2:$B$20,2,0),"")) | K9: =IF(OR(A9="",J9=""),"",SUMPRODUCT((COLUMN(M9:X9)-12>=J9)*(COLUMN(M9:X9)-12<=Planes!$E$4)*(M9:X9<>"C"))) | L9: =IF(A9="","",SUM(M9:X9))
D10: =IF(A10="","",MAX(0,N(G10)*N(K10)-N(L10))+MAX(0,N(H10)-N(I10))) | G10: =IF(F10="","",IFERROR(VLOOKUP(F10,Planes!$A$2:$B$20,2,0),"")) | K10: =IF(OR(A10="",J10=""),"",SUMPRODUCT((COLUMN(M10:X10)-12>=J10)*(COLUMN(M10:X10)-12<=Planes!$E$4)*(M10:X10<>"C"))) | L10: =IF(A10="","",SUM(M10:X10))
D11: =IF(A11="","",MAX(0,N(G11)*N(K11)-N(L11))+MAX(0,N(H11)-N(I11))) | G11: =IF(F11="","",IFERROR(VLOOKUP(F11,Planes!$A$2:$B$20,2,0),"")) | K11: =IF(OR(A11="",J11=""),"",SUMPRODUCT((COLUMN(M11:X11)-12>=J11)*(COLUMN(M11:X11)-12<=Planes!$E$4)*(M11:X11<>"C"))) | L11: =IF(A11="","",SUM(M11:X11))
D12: =IF(A12="","",MAX(0,N(G12)*N(K12)-N(L12))+MAX(0,N(H12)-N(I12))) | G12: =IF(F12="","",IFERROR(VLOOKUP(F12,Planes!$A$2:$B$20,2,0),"")) | K12: =IF(OR(A12="",J12=""),"",SUMPRODUCT((COLUMN(M12:X12)-12>=J12)*(COLUMN(M12:X12)-12<=Planes!$E$4)*(M12:X12<>"C"))) | L12: =IF(A12="","",SUM(M12:X12))
D13: =IF(A13="","",MAX(0,N(G13)*N(K13)-N(L13))+MAX(0,N(H13)-N(I13))) | G13: =IF(F13="","",IFERROR(VLOOKUP(F13,Planes!$A$2:$B$20,2,0),"")) | K13: =IF(OR(A13="",J13=""),"",SUMPRODUCT((COLUMN(M13:X13)-12>=J13)*(COLUMN(M13:X13)-12<=Planes!$E$4)*(M13:X13<>"C"))) | L13: =IF(A13="","",SUM(M13:X13))
D14: =IF(A14="","",MAX(0,N(G14)*N(K14)-N(L14))+MAX(0,N(H14)-N(I14))) | G14: =IF(F14="","",IFERROR(VLOOKUP(F14,Planes!$A$2:$B$20,2,0),"")) | K14: =IF(OR(A14="",J14=""),"",SUMPRODUCT((COLUMN(M14:X14)-12>=J14)*(COLUMN(M14:X14)-12<=Planes!$E$4)*(M14:X14<>"C"))) | L14: =IF(A14="","",SUM(M14:X14))
D15: =IF(A15="","",MAX(0,N(G15)*N(K15)-N(L15))+MAX(0,N(H15)-N(I15))) | G15: =IF(F15="","",IFERROR(VLOOKUP(F15,Planes!$A$2:$B$20,2,0),"")) | K15: =IF(OR(A15="",J15=""),"",SUMPRODUCT((COLUMN(M15:X15)-12>=J15)*(COLUMN(M15:X15)-12<=Planes!$E$4)*(M15:X15<>"C"))) | L15: =IF(A15="","",SUM(M15:X15))
D16: =IF(A16="","",MAX(0,N(G16)*N(K16)-N(L16))+MAX(0,N(H16)-N(I16))) | G16: =IF(F16="","",IFERROR(VLOOKUP(F16,Planes!$A$2:$B$20,2,0),"")) | K16: =IF(OR(A16="",J16=""),"",SUMPRODUCT((COLUMN(M16:X16)-12>=J16)*(COLUMN(M16:X16)-12<=Planes!$E$4)*(M16:X16<>"C"))) | L16: =IF(A16="","",SUM(M16:X16))
... D201: =IF(A201="","",MAX(0,N(G201)*N(K201)-N(L201))+MAX(0,N(H201)-N(I201))) | G201: =IF(F201="","",IFERROR(VLOOKUP(F201,Planes!$A$2:$B$20,2,0),"")) | K201: =IF(OR(A201="",J201=""),"",SUMPRODUCT((COLUMN(M201:X201)-12>=J201)*(COLUMN(M201:X201)-12<=Planes!$E$4)*(M201:X201<>"C"))) | L201: =IF(A201="","",SUM(M201:X201))
A204: Totales | D204: =SUM(D2:D201) | L204: =SUM(L2:L201) | M204: =SUM(M2:M201) | N204: =SUM(N2:N201) | O204: =SUM(O2:O201) | P204: =SUM(P2:P201) | Q204: =SUM(Q2:Q201) | R204: =SUM(R2:R201) | S204: =SUM(S2:S201) | ... X204: =SUM(X2:X201)

Sheet Planes
A1: plan | B1: mensualidad
A2: Mensual | B2: 650 | D2: Fecha de corte | E2: =TODAY()
A3: Estudiante | B3: 500 | D3: Día de pago de cada mes | E3: 5
A4: Pareja | B4: 1100 | D4: Meses del año ya vencidos | E4: =MONTH(E2)-IF(DAY(E2)<E3,1,0)
A5: Matutino | B5: 550

Sheet Cómo se usa
A1: Cómo se usa esta hoja
A3: Un renglón por socio y una columna por mes del año.
A5: Planes: los precios de lista. Al escoger el plan del socio, su mensualidad sale sola. Si subes
A6: un precio, cámbialo ahí y no socio por socio.
A8: Cada mes se anota lo que pagó en su columna. Si el socio congeló su membresía ese mes, se
A9: escribe una C: ese mes no cuenta como adeudo. La inscripción o anualidad va aparte, con lo que
A10: pagó de ella en la columna de al lado.
A12: «Meses vencidos» cuenta los meses desde su alta hasta hoy, sin los congelados. El mes en curso
A13: cuenta a partir del día de pago que pongas en Planes. El saldo es lo de esos meses menos lo
A14: pagado, más lo que falte de la inscripción.
A16: Las cinco primeras columnas son las que lee Makatea: se guarda como CSV y se sube, y el
A17: recordatorio de la mensualidad le llega a cada socio unos días antes de su fecha.
A19: Makatea recuerda, registra y comunica. No mueve dinero.
